[ AOE2 MATCH · #486177653 ]
UnrankedBulgarians vs Byzantines
[ REPLAY ANALYSIS · EXTRACTED FROM THE RECORDED GAME ]
Feudal
10:57
Castle
14:33
Imperial
41:40
| APM avg | 57.8 |
| APM peak | 132 |
| eAPM avg | 36.6 |
| Villagers / military | 158 / 172 |
Focus
⚔️ 50.7% · 🌾 49.3%
Konnik ×128 · Battering Ram ×36 · Petard ×8
Feudal
11:45
Castle
15:16
Imperial
37:42
| APM avg | 44.6 |
| APM peak | 87 |
| eAPM avg | 29.5 |
| Villagers / military | 172 / 145 |
Focus
⚔️ 37.2% · 🌾 62.8%
Spearman ×70 · Hand Cannoneer ×59 · Mangonel ×10 · Bombard Cannon ×4 · Trebuchet (Packed) ×2
Feudal
9:18
Castle
17:01
Imperial
—
| APM avg | 57.7 |
| APM peak | 159 |
| eAPM avg | 24.9 |
| Villagers / military | 111 / 72 |
Focus
⚔️ 52.7% · 🌾 47.3%
Tarkan ×36 · Cavalry Archer ×32 · Petard ×3 · Mangonel ×1
Feudal
11:08
Castle
14:41
Imperial
42:36
| APM avg | 43.8 |
| APM peak | 83 |
| eAPM avg | 22.4 |
| Villagers / military | 120 / 63 |
Focus
⚔️ 32.7% · 🌾 67.3%
Spearman ×38 · Mangonel ×20 · Battering Ram ×5
Match map
Initial resources + every placement click. Lines = walls · curves = elevation contours. ◆ gold · ⬟ stone · ● berries · ✦ relic · ◌ wall gap
Your base· ✓ Closed at 14:33 · 0t walls · 3 gate(s)
Melania Coco's base· ✓ Closed at 15:16 · 15t walls · 3 gate(s)
dont trush me's base· ✓ Closed at 17:01 · 0t walls · 3 gate(s)
FMG | Sawasha Takohida's base· ✓ Closed at 14:41 · 0t walls · 3 gate(s)
Smoothed initial terrain · ◌ = detected wall gap · hover for details
Inputs per minute
— FMG | GreatMaty - - Melania Coco
Build order — FMG | GreatMaty
First 150 of 501 actions detected
| 0:02 | Create | Villager (Male) |
| 0:02 | Create | Villager (Male) |
| 0:02 | Create | Villager (Male) |
| 0:02 | Build | House |
| 0:04 | Build | House |
| 0:06 | Create | Villager (Male) |
| 0:06 | Create | Villager (Male) |
| 0:06 | Create | Villager (Male) |
| 1:14 | Create | Villager (Male) |
| 1:14 | Create | Villager (Male) |
| 1:14 | Create | Villager (Male) |
| 1:58 | Create | Villager (Male) |
| 2:01 | Build | Lumber Camp |
| 2:14 | Create | Villager (Male) |
| 2:15 | Create | Villager (Male) |
| 2:15 | Create | Villager (Male) |
| 2:45 | Create | Villager (Male) |
| 2:45 | Create | Villager (Male) |
| 2:45 | Create | Villager (Male) |
| 3:07 | Create | Villager (Male) |
| 3:07 | Create | Villager (Male) |
| 3:34 | Create | Villager (Male) |
| 3:34 | Create | Villager (Male) |
| 3:34 | Create | Villager (Male) |
| 3:51 | Build | House |
| 3:52 | Build | House |
| 3:59 | Create | Villager (Male) |
| 3:59 | Create | Villager (Male) |
| 3:59 | Create | Villager (Male) |
| 4:22 | Create | Villager (Male) |
| 4:22 | Create | Villager (Male) |
| 4:41 | Build | Mill |
| 4:45 | Build | House |
| 4:52 | Create | Villager (Male) |
| 4:52 | Create | Villager (Male) |
| 4:53 | Create | Villager (Male) |
| 5:10 | Create | Villager (Male) |
| 5:10 | Create | Villager (Male) |
| 5:10 | Create | Villager (Male) |
| 5:40 | Create | Villager (Male) |
| 6:03 | Create | Villager (Male) |
| 6:12 | Build | Mill |
| 6:24 | Create | Villager (Male) |
| 6:56 | Create | Villager (Male) |
| 7:18 | Create | Villager (Male) |
| 7:35 | Build | Farm |
| 7:37 | Build | Farm |
| 7:40 | Build | Farm |
| 7:44 | Create | Villager (Male) |
| 8:01 | Build | Mining Camp |
| 8:19 | Create | Villager (Male) |
| 8:42 | Research | Feudal Age |
| 8:43 | Research | Feudal Age |
| 9:55 | Create | Villager (Male) |
| 10:31 | Create | Villager (Male) |
| 10:57 | Age | Feudal Age |
| 11:02 | Build | Market |
| 11:05 | Build | Blacksmith |
| 11:19 | Build | Farm |
| 11:44 | Build | House |
| 11:53 | Research | Castle Age |
| 11:53 | Research | Castle Age |
| 11:53 | Research | Castle Age |
| 11:57 | Build | Mining Camp |
| 12:00 | Build | Mining Camp |
| 12:02 | Build | Mining Camp |
| 12:28 | Research | Double-Bit Axe |
| 12:28 | Research | Double-Bit Axe |
| 12:37 | Research | Horse Collar |
| 12:37 | Research | Horse Collar |
| 12:37 | Research | Horse Collar |
| 13:45 | Create | Villager (Male) |
| 14:17 | Build | Farm |
| 14:18 | Build | Farm |
| 14:23 | Build | Farm |
| 14:33 | Age | Castle Age |
| 14:35 | Build | Krepost |
| 14:42 | Create | Villager (Male) |
| 14:53 | Build | Farm |
| 14:56 | Build | Farm |
| 15:06 | Create | Villager (Male) |
| 15:16 | Research | Bow Saw |
| 15:19 | Build | Farm |
| 15:33 | Build | Farm |
| 15:36 | Create | Villager (Male) |
| 15:43 | Build | Farm |
| 15:43 | Build | Farm |
| 15:44 | Build | Farm |
| 15:55 | Create | Konnik |
| 15:55 | Create | Konnik |
| 15:55 | Create | Konnik |
| 15:57 | Create | Villager (Male) |
| 16:04 | Research | Scale Barding Armor |
| 16:04 | Research | Scale Barding Armor |
| 16:07 | Create | Villager (Male) |
| 16:17 | Build | Farm |
| 16:26 | Create | Villager (Male) |
| 16:35 | Create | Konnik |
| 16:42 | Build | Farm |
| 16:47 | Create | Villager (Male) |
| 16:56 | Create | Konnik |
| 16:56 | Create | Konnik |
| 17:09 | Create | Villager (Male) |
| 17:14 | Create | Konnik |
| 17:37 | Create | Konnik |
| 17:43 | Research | Forging |
| 17:43 | Research | Forging |
| 17:43 | Research | Forging |
| 17:45 | Create | Villager (Male) |
| 17:45 | Create | Villager (Male) |
| 18:04 | Create | Villager (Male) |
| 18:24 | Create | Konnik |
| 18:24 | Create | Konnik |
| 18:24 | Create | Konnik |
| 18:42 | Create | Villager (Male) |
| 18:53 | Create | Konnik |
| 18:53 | Create | Konnik |
| 19:04 | Create | Villager (Male) |
| 19:16 | Research | Bow Saw |
| 19:17 | Research | Bow Saw |
| 19:33 | Create | Villager (Male) |
| 19:37 | Build | Lumber Camp |
| 19:55 | Create | Villager (Male) |
| 20:27 | Research | Chain Barding Armor |
| 20:27 | Research | Chain Barding Armor |
| 20:35 | Create | Villager (Male) |
| 20:36 | Create | Konnik |
| 20:36 | Create | Konnik |
| 20:37 | Create | Konnik |
| 20:51 | Create | Konnik |
| 21:05 | Create | Konnik |
| 21:05 | Create | Konnik |
| 21:05 | Create | Konnik |
| 21:13 | Create | Villager (Male) |
| 21:36 | Create | Villager (Male) |
| 21:37 | Build | Town Center |
| 21:44 | Create | Konnik |
| 21:44 | Create | Konnik |
| 21:54 | Create | Villager (Male) |
| 21:55 | Create | Villager (Male) |
| 22:10 | Create | Villager (Male) |
| 22:24 | Create | Konnik |
| 22:41 | Create | Konnik |
| 22:41 | Create | Konnik |
| 22:56 | Create | Konnik |
| 22:56 | Create | Konnik |
| 22:56 | Create | Konnik |
| 22:58 | Create | Villager (Male) |
| 22:58 | Create | Villager (Male) |
| 23:00 | Build | Mill |
Build order — Melania Coco
First 150 of 423 actions detected
| 0:00 | Create | Villager (Male) |
| 0:01 | Create | Villager (Male) |
| 0:02 | Build | House |
| 0:02 | Build | House |
| 0:05 | Create | Villager (Male) |
| 0:10 | Create | Villager (Male) |
| 1:28 | Create | Villager (Male) |
| 1:45 | Build | Lumber Camp |
| 1:58 | Create | Villager (Male) |
| 2:15 | Create | Villager (Male) |
| 2:46 | Create | Villager (Male) |
| 2:46 | Create | Villager (Male) |
| 3:04 | Create | Villager (Male) |
| 3:04 | Create | Villager (Male) |
| 3:24 | Build | Palisade Wall |
| 3:25 | Build | Palisade Wall |
| 3:33 | Create | Villager (Male) |
| 3:37 | Build | Palisade Wall |
| 3:43 | Build | Palisade Gate |
| 3:45 | Create | Villager (Male) |
| 3:45 | Create | Villager (Male) |
| 3:49 | Build | Palisade Wall |
| 3:52 | Build | House |
| 3:55 | Build | Palisade Wall |
| 4:09 | Build | Palisade Wall |
| 4:19 | Create | Villager (Male) |
| 4:28 | Build | House |
| 4:46 | Build | Mill |
| 4:54 | Create | Villager (Male) |
| 4:54 | Create | Villager (Male) |
| 5:06 | Build | House |
| 5:10 | Build | House |
| 5:16 | Create | Villager (Male) |
| 5:16 | Create | Villager (Male) |
| 5:45 | Create | Villager (Male) |
| 5:46 | Create | Villager (Male) |
| 5:51 | Create | Villager (Male) |
| 5:51 | Create | Villager (Male) |
| 6:24 | Create | Villager (Male) |
| 6:24 | Create | Villager (Male) |
| 6:28 | Create | Villager (Male) |
| 6:28 | Create | Villager (Male) |
| 6:43 | Create | Villager (Male) |
| 7:36 | Create | Villager (Male) |
| 7:36 | Create | Villager (Male) |
| 7:37 | Create | Villager (Male) |
| 8:04 | Build | Lumber Camp |
| 8:48 | Build | Farm |
| 8:57 | Create | Villager (Male) |
| 9:01 | Build | Farm |
| 9:07 | Build | Farm |
| 9:17 | Research | Feudal Age |
| 9:19 | Build | Mining Camp |
| 10:09 | Create | Villager (Male) |
| 10:09 | Create | Villager (Male) |
| 10:22 | Build | Farm |
| 11:45 | Age | Feudal Age |
| 11:46 | Build | Market |
| 11:48 | Build | Blacksmith |
| 11:51 | Research | Double-Bit Axe |
| 12:13 | Build | House |
| 12:36 | Research | Castle Age |
| 12:36 | Research | Castle Age |
| 12:49 | Build | Farm |
| 12:52 | Research | Horse Collar |
| 13:17 | Build | Farm |
| 13:22 | Build | Farm |
| 14:36 | Create | Villager (Male) |
| 15:02 | Create | Villager (Male) |
| 15:16 | Age | Castle Age |
| 15:17 | Build | Siege Workshop |
| 15:30 | Build | Town Center |
| 15:45 | Create | Mangonel |
| 15:48 | Build | Farm |
| 15:51 | Create | Villager (Male) |
| 15:55 | Build | Town Center |
| 16:07 | Research | Bow Saw |
| 16:10 | Create | Villager (Male) |
| 16:37 | Create | Villager (Male) |
| 16:47 | Build | Farm |
| 16:48 | Create | Villager (Male) |
| 16:53 | Create | Mangonel |
| 17:05 | Create | Villager (Male) |
| 17:20 | Build | Farm |
| 17:22 | Create | Villager (Male) |
| 17:24 | Create | Villager (Male) |
| 17:24 | Create | Villager (Male) |
| 17:24 | Create | Villager (Male) |
| 17:24 | Create | Villager (Male) |
| 17:25 | Create | Villager (Male) |
| 17:25 | Create | Villager (Male) |
| 17:26 | Create | Villager (Male) |
| 17:29 | Build | Farm |
| 17:34 | Build | Farm |
| 17:44 | Create | Villager (Male) |
| 17:50 | Build | Farm |
| 17:52 | Build | House |
| 18:04 | Create | Villager (Male) |
| 18:10 | Create | Villager (Male) |
| 18:23 | Create | Villager (Male) |
| 18:31 | Build | House |
| 18:36 | Create | Mangonel |
| 18:49 | Create | Villager (Male) |
| 18:51 | Create | Villager (Male) |
| 18:51 | Create | Villager (Male) |
| 18:52 | Build | House |
| 18:53 | Build | House |
| 18:55 | Build | House |
| 18:56 | Build | House |
| 18:58 | Build | House |
| 18:58 | Create | Villager (Male) |
| 18:59 | Build | House |
| 19:05 | Build | House |
| 19:20 | Create | Villager (Male) |
| 19:27 | Build | Farm |
| 19:40 | Create | Villager (Male) |
| 19:50 | Build | House |
| 19:52 | Build | House |
| 19:57 | Create | Villager (Male) |
| 20:00 | Build | House |
| 20:05 | Build | Barracks |
| 20:14 | Create | Mangonel |
| 20:14 | Create | Villager (Male) |
| 20:19 | Research | Loom |
| 20:20 | Research | Loom |
| 20:25 | Create | Villager (Male) |
| 20:31 | Create | Villager (Male) |
| 20:41 | Build | Town Center |
| 20:42 | Create | Villager (Male) |
| 21:15 | Create | Villager (Male) |
| 21:34 | Build | House |
| 21:40 | Create | Mangonel |
| 21:41 | Create | Mangonel |
| 23:51 | Create | Mangonel |
| 24:31 | Build | Siege Workshop |
| 24:32 | Create | Villager (Male) |
| 24:33 | Create | Villager (Male) |
| 24:42 | Build | Farm |
| 24:43 | Build | Farm |
| 24:49 | Create | Mangonel |
| 25:02 | Create | Villager (Male) |
| 25:02 | Create | Villager (Male) |
| 25:03 | Create | Villager (Male) |
| 25:05 | Create | Villager (Male) |
| 25:05 | Create | Villager (Male) |
| 25:12 | Build | Farm |
| 25:33 | Build | House |
| 25:34 | Build | House |
| 25:36 | Build | House |
| 25:37 | Create | Villager (Male) |
Build order — dont trush me
First 150 of 264 actions detected
| 0:00 | Create | Villager (Male) |
| 0:00 | Create | Villager (Male) |
| 0:06 | Create | Villager (Male) |
| 0:06 | Create | Villager (Male) |
| 0:07 | Create | Villager (Male) |
| 1:14 | Create | Villager (Male) |
| 1:43 | Build | Lumber Camp |
| 1:51 | Create | Villager (Male) |
| 2:06 | Create | Villager (Male) |
| 2:37 | Create | Villager (Male) |
| 2:55 | Create | Villager (Male) |
| 3:24 | Create | Villager (Male) |
| 3:43 | Create | Villager (Male) |
| 4:16 | Create | Villager (Male) |
| 4:18 | Create | Villager (Male) |
| 4:31 | Create | Villager (Male) |
| 5:06 | Create | Villager (Male) |
| 5:13 | Build | Mill |
| 5:26 | Create | Villager (Male) |
| 6:34 | Create | Villager (Male) |
| 7:08 | Research | Feudal Age |
| 7:08 | Research | Feudal Age |
| 7:28 | Build | Lumber Camp |
| 7:48 | Create | Villager (Male) |
| 8:14 | Create | Villager (Male) |
| 9:18 | Age | Feudal Age |
| 9:20 | Research | Double-Bit Axe |
| 9:20 | Research | Horse Collar |
| 9:43 | Create | Villager (Male) |
| 9:50 | Build | Farm |
| 9:52 | Create | Villager (Male) |
| 9:54 | Build | Farm |
| 10:09 | Create | Villager (Male) |
| 10:12 | Build | Market |
| 10:15 | Create | Villager (Male) |
| 10:23 | Build | Farm |
| 10:35 | Build | Farm |
| 10:38 | Create | Villager (Male) |
| 11:04 | Build | Farm |
| 11:09 | Create | Villager (Male) |
| 11:25 | Create | Villager (Male) |
| 11:26 | Build | Farm |
| 11:39 | Build | Blacksmith |
| 11:43 | Create | Villager (Male) |
| 11:50 | Create | Villager (Male) |
| 12:00 | Build | Farm |
| 12:19 | Build | Farm |
| 12:30 | Build | Farm |
| 12:36 | Build | Farm |
| 12:39 | Create | Villager (Male) |
| 12:46 | Build | Farm |
| 12:56 | Build | Farm |
| 13:12 | Build | Farm |
| 13:32 | Build | Farm |
| 13:55 | Build | Mining Camp |
| 14:21 | Research | Castle Age |
| 14:21 | Research | Castle Age |
| 16:04 | Create | Villager (Male) |
| 16:34 | Build | Mining Camp |
| 16:38 | Research | Scale Barding Armor |
| 17:01 | Age | Castle Age |
| 17:04 | Create | Villager (Male) |
| 17:07 | Build | Castle |
| 17:15 | Create | Villager (Male) |
| 17:25 | Research | Bow Saw |
| 17:27 | Research | Heavy Plow |
| 17:31 | Research | Wheelbarrow |
| 17:50 | Research | Scale Barding Armor |
| 18:03 | Build | Barracks |
| 18:06 | Create | Petard |
| 18:07 | Create | Petard |
| 18:16 | Create | Villager (Male) |
| 18:26 | Create | Villager (Male) |
| 18:39 | Create | Petard |
| 18:46 | Build | Farm |
| 18:47 | Build | Farm |
| 18:49 | Build | Farm |
| 18:55 | Build | Farm |
| 18:59 | Build | Stable |
| 19:02 | Create | Tarkan |
| 19:02 | Create | Tarkan |
| 19:20 | Create | Tarkan |
| 19:20 | Create | Tarkan |
| 19:21 | Create | Tarkan |
| 19:31 | Build | Farm |
| 19:33 | Build | Farm |
| 19:36 | Build | Farm |
| 19:38 | Build | Farm |
| 19:39 | Create | Tarkan |
| 19:39 | Create | Tarkan |
| 19:39 | Create | Tarkan |
| 19:42 | Create | Villager (Male) |
| 19:51 | Create | Tarkan |
| 19:51 | Create | Tarkan |
| 20:04 | Create | Villager (Male) |
| 20:16 | Create | Tarkan |
| 20:16 | Create | Tarkan |
| 20:28 | Create | Villager (Male) |
| 20:33 | Research | Husbandry |
| 20:33 | Research | Husbandry |
| 20:34 | Research | Husbandry |
| 20:46 | Create | Tarkan |
| 20:46 | Create | Tarkan |
| 21:05 | Research | Chain Barding Armor |
| 21:05 | Research | Chain Barding Armor |
| 21:18 | Create | Tarkan |
| 21:19 | Create | Tarkan |
| 21:25 | Create | Tarkan |
| 21:25 | Create | Tarkan |
| 21:30 | Create | Villager (Male) |
| 21:41 | Create | Villager (Male) |
| 21:45 | Build | Farm |
| 21:47 | Create | Tarkan |
| 21:47 | Create | Tarkan |
| 22:25 | Create | Tarkan |
| 22:26 | Create | Villager (Male) |
| 22:39 | Create | Tarkan |
| 22:39 | Create | Tarkan |
| 22:39 | Create | Villager (Male) |
| 22:51 | Create | Tarkan |
| 22:52 | Create | Villager (Male) |
| 23:13 | Create | Villager (Male) |
| 23:16 | Create | Tarkan |
| 23:16 | Create | Tarkan |
| 23:16 | Create | Villager (Male) |
| 23:17 | Create | Villager (Male) |
| 23:20 | Create | Villager (Male) |
| 23:21 | Create | Villager (Male) |
| 23:46 | Create | Tarkan |
| 23:46 | Create | Tarkan |
| 23:47 | Create | Villager (Male) |
| 24:08 | Create | Villager (Male) |
| 24:18 | Create | Villager (Male) |
| 24:18 | Build | Farm |
| 24:19 | Build | Farm |
| 24:20 | Create | Tarkan |
| 24:32 | Create | Villager (Male) |
| 25:02 | Create | Villager (Male) |
| 25:10 | Create | Villager (Male) |
| 25:17 | Create | Villager (Male) |
| 25:18 | Create | Villager (Male) |
| 25:21 | Build | Archery Range |
| 25:22 | Build | Archery Range |
| 25:28 | Create | Villager (Male) |
| 25:29 | Build | Farm |
| 25:29 | Build | Farm |
| 25:30 | Build | Farm |
| 25:41 | Build | Town Center |
| 25:46 | Research | Fletching |
| 25:49 | Research | Bloodlines |
Build order — FMG | Sawasha Takohida
First 150 of 361 actions detected
| 0:01 | Create | Villager (Male) |
| 0:01 | Create | Villager (Male) |
| 0:02 | Create | Villager (Male) |
| 0:03 | Build | House |
| 0:05 | Build | House |
| 0:11 | Create | Villager (Male) |
| 0:11 | Create | Villager (Male) |
| 1:24 | Create | Villager (Male) |
| 1:24 | Create | Villager (Male) |
| 1:51 | Build | Lumber Camp |
| 1:57 | Create | Villager (Male) |
| 1:58 | Create | Villager (Male) |
| 2:18 | Create | Villager (Male) |
| 2:51 | Create | Villager (Male) |
| 3:22 | Create | Villager (Male) |
| 3:23 | Create | Villager (Male) |
| 3:25 | Build | House |
| 3:43 | Create | Villager (Male) |
| 3:44 | Create | Villager (Male) |
| 3:44 | Create | Villager (Male) |
| 4:31 | Create | Villager (Male) |
| 4:31 | Create | Villager (Male) |
| 4:35 | Create | Villager (Male) |
| 4:35 | Create | Villager (Male) |
| 4:46 | Create | Villager (Male) |
| 4:56 | Build | Mill |
| 6:07 | Create | Villager (Male) |
| 6:08 | Create | Villager (Male) |
| 6:24 | Create | Villager (Male) |
| 6:24 | Create | Villager (Male) |
| 6:25 | Create | Villager (Male) |
| 6:28 | Build | Mill |
| 6:32 | Build | House |
| 6:53 | Build | Farm |
| 6:58 | Build | Farm |
| 7:10 | Create | Villager (Male) |
| 8:12 | Build | Mining Camp |
| 8:30 | Create | Villager (Male) |
| 8:30 | Create | Villager (Male) |
| 8:40 | Research | Feudal Age |
| 8:41 | Research | Feudal Age |
| 10:54 | Build | Farm |
| 10:55 | Create | Villager (Male) |
| 11:01 | Build | House |
| 11:08 | Age | Feudal Age |
| 11:11 | Build | Market |
| 11:15 | Build | Blacksmith |
| 11:43 | Create | Villager (Male) |
| 11:52 | Research | Double-Bit Axe |
| 11:52 | Research | Double-Bit Axe |
| 12:01 | Research | Castle Age |
| 12:02 | Research | Castle Age |
| 12:24 | Build | Barracks |
| 12:25 | Create | Villager (Male) |
| 12:27 | Build | Farm |
| 12:29 | Build | Farm |
| 12:33 | Research | Horse Collar |
| 12:33 | Research | Horse Collar |
| 13:09 | Build | House |
| 13:19 | Build | Farm |
| 13:22 | Create | Spearman |
| 13:38 | Research | Loom |
| 13:39 | Create | Villager (Male) |
| 13:54 | Create | Spearman |
| 13:59 | Build | House |
| 14:04 | Create | Villager (Male) |
| 14:41 | Age | Castle Age |
| 15:05 | Build | Siege Workshop |
| 15:10 | Research | Bow Saw |
| 15:20 | Create | Villager (Male) |
| 15:27 | Create | Spearman |
| 15:32 | Create | Villager (Male) |
| 15:35 | Build | Farm |
| 15:46 | Build | Lumber Camp |
| 15:56 | Research | Pikeman (upgrade) |
| 16:20 | Create | Battering Ram |
| 16:22 | Create | Mangonel |
| 16:25 | Build | House |
| 16:36 | Create | Spearman |
| 16:38 | Create | Villager (Male) |
| 16:48 | Build | House |
| 16:51 | Create | Villager (Male) |
| 16:59 | Create | Mangonel |
| 17:08 | Create | Villager (Male) |
| 17:10 | Build | Farm |
| 17:21 | Build | Farm |
| 17:39 | Create | Spearman |
| 17:45 | Create | Villager (Male) |
| 17:49 | Build | Farm |
| 17:51 | Build | Farm |
| 18:04 | Create | Mangonel |
| 18:34 | Create | Villager (Male) |
| 18:34 | Create | Villager (Male) |
| 18:36 | Create | Spearman |
| 18:36 | Create | Spearman |
| 18:53 | Create | Mangonel |
| 18:54 | Create | Villager (Male) |
| 18:58 | Create | Villager (Male) |
| 19:03 | Create | Spearman |
| 19:06 | Build | House |
| 19:51 | Build | House |
| 19:52 | Create | Villager (Male) |
| 19:55 | Build | Farm |
| 19:56 | Build | Farm |
| 19:57 | Create | Mangonel |
| 19:57 | Create | Mangonel |
| 20:43 | Create | Spearman |
| 20:53 | Create | Spearman |
| 21:03 | Create | Villager (Male) |
| 21:05 | Build | Town Center |
| 21:25 | Create | Mangonel |
| 21:29 | Create | Villager (Male) |
| 21:30 | Create | Villager (Male) |
| 21:32 | Create | Villager (Male) |
| 21:43 | Build | House |
| 21:45 | Create | Villager (Male) |
| 21:50 | Create | Spearman |
| 21:50 | Create | Spearman |
| 22:13 | Create | Mangonel |
| 22:20 | Build | House |
| 22:21 | Create | Villager (Male) |
| 22:23 | Create | Villager (Male) |
| 22:44 | Create | Spearman |
| 22:45 | Create | Spearman |
| 22:46 | Build | Barracks |
| 22:55 | Create | Spearman |
| 22:55 | Create | Spearman |
| 23:29 | Create | Spearman |
| 23:29 | Create | Spearman |
| 23:29 | Create | Spearman |
| 24:45 | Create | Villager (Male) |
| 25:21 | Create | Villager (Male) |
| 25:24 | Create | Villager (Male) |
| 25:24 | Create | Villager (Male) |
| 25:24 | Create | Villager (Male) |
| 25:27 | Build | Farm |
| 25:46 | Build | Lumber Camp |
| 26:11 | Create | Villager (Male) |
| 26:11 | Create | Villager (Male) |
| 26:23 | Create | Battering Ram |
| 26:29 | Build | Mining Camp |
| 26:32 | Create | Villager (Male) |
| 26:38 | Create | Villager (Male) |
| 26:46 | Build | Gate |
| 27:09 | Build | Stone Wall |
| 27:11 | Build | Stone Wall |
| 27:16 | Create | Spearman |
| 27:17 | Create | Spearman |
| 27:21 | Build | House |
| 27:41 | Create | Spearman |
Match timeline
| 3:24 | Melania Coco · wall_segment Palisade Wall x1 |
| 3:25 | Melania Coco · wall_segment Palisade Wall x1 |
| 3:37 | Melania Coco · wall_segment Palisade Wall x1 |
| 3:49 | Melania Coco · wall_segment Palisade Wall x1 |
| 3:55 | Melania Coco · wall_segment Palisade Wall x6 |
| 4:09 | Melania Coco · wall_segment Palisade Wall x5 |
| 9:18 | dont trush me · age_up feudal |
| 10:57 | FMG | GreatMaty · age_up feudal |
| 11:08 | FMG | Sawasha Takohida · age_up feudal |
| 11:45 | Melania Coco · age_up feudal |
| 12:24 | FMG | Sawasha Takohida · first_building Barracks |
| 14:33 | FMG | GreatMaty · age_up castle |
| 14:35 | FMG | GreatMaty · first_building Krepost |
| 14:41 | FMG | Sawasha Takohida · age_up castle |
| 15:05 | FMG | Sawasha Takohida · first_building Siege Workshop |
| 15:16 | Melania Coco · age_up castle |
| 15:17 | Melania Coco · first_building Siege Workshop |
| 16:19 | FMG | Sawasha Takohida · first_market_buy 100 wood |
| 16:58 | FMG | Sawasha Takohida · first_market_sell 100 stone |
| 17:01 | dont trush me · age_up castle |
| 17:07 | dont trush me · first_building Castle |
| 18:03 | dont trush me · first_building Barracks |
| 18:59 | dont trush me · first_building Stable |
| 20:05 | Melania Coco · first_building Barracks |
| 20:39 | Melania Coco · first_market_buy 100 stone |
| 20:55 | dont trush me · first_market_sell 100 wood |
| 23:13 | FMG | GreatMaty · first_market_buy 100 food |
| 23:50 | Melania Coco · first_market_sell 100 wood |
| 24:38 | FMG | GreatMaty · first_building Barracks |
| 25:21 | dont trush me · first_building Archery Range |
| 25:39 | dont trush me · first_market_buy 100 stone |
| 26:23 | FMG | GreatMaty · first_building Stable |
| 26:30 | Melania Coco · wall_segment Stone Wall x1 |
| 27:04 | FMG | GreatMaty · first_building Siege Workshop |
| 27:09 | FMG | Sawasha Takohida · wall_segment Stone Wall x2 |
| 27:11 | FMG | Sawasha Takohida · wall_segment Stone Wall x4 |
| 28:05 | FMG | GreatMaty · first_market_sell 100 food |
| 31:01 | dont trush me · wall_segment Stone Wall x1 |
| 31:05 | dont trush me · wall_segment Stone Wall x1 |
| 31:06 | dont trush me · wall_segment Stone Wall x1 |
| 31:17 | dont trush me · first_building Siege Workshop |
| 32:59 | Melania Coco · wall_segment Palisade Wall x1 |
| 33:01 | Melania Coco · wall_segment Palisade Wall x1 |
| 33:05 | Melania Coco · wall_segment Palisade Wall x1 |
| 33:47 | Melania Coco · first_building Castle |
| 34:26 | dont trush me · resign |
| 34:42 | Melania Coco · first_building Archery Range |
| 36:37 | Melania Coco · wall_segment Stone Wall x10 |
| 36:37 | FMG | Sawasha Takohida · wall_segment Stone Wall x18 |
| 37:04 | FMG | Sawasha Takohida · wall_segment Stone Wall x27 |
| 37:17 | FMG | Sawasha Takohida · wall_segment Stone Wall x24 |
| 37:21 | FMG | GreatMaty · wall_segment Stone Wall x1 |
| 37:26 | FMG | GreatMaty · first_building Castle |
| 37:42 | FMG | Sawasha Takohida · first_building Monastery |
| 37:42 | Melania Coco · age_up imperial |
| 38:44 | FMG | Sawasha Takohida · wall_segment Stone Wall x29 |
| 38:46 | FMG | Sawasha Takohida · wall_segment Stone Wall x1 |
| 38:59 | Melania Coco · wall_segment Stone Wall x1 |
| 39:49 | FMG | Sawasha Takohida · wall_segment Stone Wall x2 |
| 40:28 | FMG | Sawasha Takohida · wall_segment Palisade Wall x3 |
| 41:40 | FMG | GreatMaty · age_up imperial |
| 42:36 | FMG | Sawasha Takohida · age_up imperial |
[ AI ANALYSIS · 1 CREDIT ]
What really happened in this match?
Wolo.gg analyzes every decision: build order, eco, micro, common mistakes by bracket. Personalized analysis on WhatsApp or Discord in 30 seconds.
Civ guide
Bulgarians
Perfil
Jugador #9082593